 Dungeon Crawl Stone Soup version 0.18.1-48-g4cf74bf (webtiles) character file.

3727 Heedrag the Cleaver (level 9, 0/78 HPs)
             Began as a Minotaur Fighter on Aug 19, 2016.
             Was an Elder of Okawaru.
             Slain by a large abomination (20 damage)
             ... on level 2 of the Abyss.
             The game lasted 00:17:21 (7830 turns).

Heedrag the Cleaver (Minotaur Fighter)              Turns: 7830, Time: 00:17:22

Health: 0/78       AC: 10    Str: 23    XL:     9   Next: 92%
Magic:  11/11      EV: 10    Int: -1 (5) God:    Okawaru [****..]
Gold:   346        SH: 11    Dex: 11    Spells: 0 memorised, 8 levels left

rFire  . . .     SeeInvis .     q - +7 hand axe "Rec Naifeo" {freeze, *Rage rC++}
rCold  + + .     Gourm    .     b - +0 scale mail
rNeg   . . .     Faith    +     c - +0 shield
rPois  .         Spirit   .     (helmet restricted)
rElec  .         Dismiss  .     (no cloak)
rCorr  .         Reflect  .     (no gloves)
SustAt .         Harm     .     (no boots)
MR     .....     Rnd*Rage +     h - amulet of faith
Stlth  +.........               R - ring of flight
                                o - ring of stealth

@: slowed, lost intelligence, very slow, not resistant to hostile enchantments,
very unstealthy
A: retaliatory headbutt, horns 2, large bone plates 1, blink, blurry vision 1,
mutation resistance 1
a: Blink, Heroism, Renounce Religion, Evoke Flight


You were on level 2 of the Abyss.
You worshipped Okawaru.
Okawaru was greatly pleased with you.
You were not hungry.

You visited 2 branches of the dungeon, and saw 11 of its levels.
You visited the Abyss 1 time.

You collected 346 gold pieces.

Inventory:

Hand Weapons
 a - a +0 war axe
 q - the +7 hand axe "Rec Naifeo" (weapon) {freeze, *Rage rC++}
   (You found it on level 4 of the Dungeon)

   It has been specially enchanted to freeze those struck by it, causing extra
   injury to most foes and up to half again as much damage against particularly
   susceptible opponents.
   It can also slow down cold-blooded creatures.
   It greatly protects you from cold.
   It may make you go berserk in combat.
 x - a +0 flail
Missiles
 w - 6 javelins (quivered)
Armour
 b - a +0 scale mail (worn)
 c - a +0 shield (worn)
Jewellery
 h - an amulet of faith (around neck)
 o - a ring of stealth (left hand)
 R - a ring of flight (right hand)
Wands
 v - a wand of slowing (23/48)
 D - a wand of lightning (9/15)
 G - a wand of teleportation (4/9)
 N - a wand of paralysis (11/24)
 P - a wand of iceblast (7/15)
Scrolls
 g - 6 scrolls of remove curse
 l - 4 scrolls of blinking
 m - 2 scrolls of amnesia {unknown}
 n - 3 scrolls of identify
 r - 2 scrolls of random uselessness
 y - 2 scrolls of magic mapping {unknown}
 A - 2 scrolls of enchant armour {unknown}
 C - a scroll of noise {unknown}
 E - 2 scrolls of fog {unknown}
 F - 2 scrolls of teleportation {unknown}
 J - a scroll of summoning {unknown}
 O - a scroll of immolation {unknown}
 Q - 2 scrolls of fear {unknown}
Potions
 d - a potion of might
 e - 6 potions of curing {unknown}
 i - 3 potions of heal wounds {unknown}
 j - 4 potions of degeneration {unknown}
 p - 2 potions of beneficial mutation {unknown}
 t - 2 potions of agility {unknown}
 z - a potion of resistance {unknown}
 L - a potion of haste {unknown}
Books
 H - a book of Annihilations

   Spells                             Type                      Level
   a - Poison Arrow                   Conjuration/Poison           6
   b - Chain Lightning                Conjuration/Air              8
   c - Lehudib's Crystal Spear        Conjuration/Earth            8
   d - Glaciate                       Conjuration/Ice              9
   e - Fire Storm                     Conjuration/Fire             9
 I - a book of Battle

   Spells                             Type                      Level
   a - Infusion                       Charms                       1
   b - Shroud of Golubria             Charms/Translocation         2
   c - Song of Slaying                Charms                       2
   d - Spectral Weapon                Hexes/Charms                 3
   e - Regeneration                   Charms/Necromancy            3
Miscellaneous
 M - a fan of gales
Comestibles
 f - 4 bread rations
 k - 3 meat rations
 s - 2 slices of pizza
 u - 9 fruits
 B - 2 beef jerkies
 K - a chunk of flesh


   Skills:
 + Level 6.9 Fighting
 * Level 11.7 Axes
 + Level 7.3 Armour
 + Level 5.7 Dodging
 + Level 3.7 Shields
 + Level 4.8 Invocations


You had 8 spell levels left.
You didn't know any spells.

Dungeon Overview and Level Annotations

Branches:
Dungeon (10/15)            Temple (1/1) D:4            Lair (0/8) D:8
    Orc: D:9-12

Altars:
Ashenzari
Cheibriados
Dithmenos
Elyvilon
Fedhas
Gozag
Kikubaaqudgha
Makhleb
Nemelex Xobeh
Okawaru
Pakellas
Qazlal
Ru
Sif Muna
Trog
Vehumet
Xom
Yredelemnul
Zin
The Shining One

Shops:
D:5 =?   D:8 (

Annotations:
D:6 Joat's ghost, novice DrTm
D:10 Sonja


Innate Abilities, Weirdness & Mutations

You reflexively headbutt those who attack you in melee.
You have a pair of horns on your head.
You are partially covered in large bone plates (AC +2, SH +2).
You can translocate small distances at will.
Scrolls take you a little longer to read.
You are somewhat resistant to further mutation.


Message History

Tha large abomination hits ye but does nay damage.
Ye slash tha large abomination!
Ye freeze tha large abomination.
Ye headbutt tha large abomination.
Tha large abomination be severely damaged.
Tha large abomination hits ye!
* * * LOW HITPOINT WARNIN'
* * * Ye hit tha large abomination but do nay damage.
Ye headbutt tha large abomination, but do nay damage.
Tha large abomination be severely damaged.
Ye block tha large abomination's attack.
Yer shield an' scale mail prevent ye from hittin' tha large abomination.
Tha large abomination be severely damaged.
Tha large abomination completely misses ye.
Ye hit tha large abomination but do nay damage.
Ye headbutt tha large abomination!
Tha large abomination be almost destroyed.
Yer shield prevents ye from hittin' tha large abomination.
Tha large abomination be almost destroyed.
Tha large abomination hits ye!!
Ye die...

$...#... .
#......# .
#......#. .
#..#...#..# ###
#......#.....
.... #.##.$.# .
...... #
..!...##.∩... ..
. #.#.X..#......
. # . #.@..#.
....#. #....#..
..#. ..
#..##..#...# ...
#.##.#_....... ..
#....##.......#..
#####. .### .# ##
..... ... ##
##....#..## #.
#.#.##


You could see a large abomination.

Vanquished Creatures
  A wyvern (D:8)
  Grum (D:8)
  A neqoxec (Abyss:2)
  A water moccasin (D:9)
  3 sky beasts
  2 phantoms
  5 ogres
  An ice beast (D:8)
  3 wolves (D:8)
  4 centaurs
  A crocodile (D:7)
  3 giant frogs
  A gnoll sergeant (D:7)
  3 wyvern skeletons
  A scorpion (D:8)
  3 wights (D:8)
  2 giant frog zombies
  3 hounds
  A jelly (D:7)
  4 orc priests
  2 centaur skeletons
  5 orc wizards
  2 worker ants
  An iguana (D:6)
  A killer bee zombie (D:5)
  A hound skeleton (D:4)
  13 gnolls
  9 adders
  5 shadow imps
  2 adder zombies
  3 worms
  6 giant geckos
  24 orcs
  14 bats
  4 giant cockroaches
  8 goblins
  16 hobgoblins
  16 jackals
  2 quokkas
  2 ball pythons
  6 giant newts
  21 kobolds
  A quokka skeleton (D:6)
  4 rats
212 creatures vanquished.

Vanquished Creatures (others)
  An orc wizard (D:7)
1 creature vanquished.

Grand Total: 213 creatures vanquished

Notes
Turn   | Place    | Note
--------------------------------------------------------------
     0 | D:1      | Heedrag the Minotaur Fighter began the quest for the Orb.
     0 | D:1      | Reached XP level 1. HP: 19/19 MP: 0/0
    52 | D:1      | Reached skill level 3 in Axes
   223 | D:1      | Reached XP level 2. HP: 26/26 MP: 1/1
   406 | D:1      | Reached skill level 4 in Axes
   451 | D:1      | Reached XP level 3. HP: 29/31 MP: 2/2
   715 | D:2      | Found an ancient bone altar of Kikubaaqudgha.
   775 | D:2      | Found a bloodstained altar of Trog.
  1040 | D:2      | Reached skill level 5 in Axes
  1301 | D:2      | Reached XP level 4. HP: 36/39 MP: 3/3
  1396 | D:2      | Found an opulent altar of Gozag.
  1396 | D:2      | Found a burning altar of Makhleb.
  1585 | D:3      | Reached skill level 6 in Axes
  1774 | D:3      | Found a blossoming altar of Fedhas.
  1786 | D:3      | Reached XP level 5. HP: 44/45 MP: 4/4
  2130 | D:2      | Found a deep blue altar of Sif Muna.
  2331 | D:4      | Got a crude hand axe
  2402 | D:4      | Found a staircase to the Ecumenical Temple.
  2433 | Temple   | Entered the Ecumenical Temple
  2981 | D:4      | Reached skill level 7 in Axes
  3142 | D:4      | Noticed an ogre
  3153 | D:4      | Killed an ogre
  3153 | D:4      | Reached XP level 6. HP: 15/51 MP: 5/5
  3443 | D:4      | Reached skill level 8 in Axes
  3795 | D:4      | Reached skill level 1 in Dodging
  3909 | D:5      | Entered Level 5 of the Dungeon
  3977 | D:5      | Reached XP level 7. HP: 56/59 MP: 6/6
  3989 | D:5      | Found an iron altar of Okawaru.
  4009 | D:5      | Became a worshipper of Warmaster Okawaru
  4129 | D:5      | Found Poyfow's General Store.
  4184 | D:5      | Reached skill level 9 in Axes
  4184 | D:5      | Reached skill level 1 in Invocations
  4290 | D:5      | Found a sparkling altar of Nemelex Xobeh.
  4313 | D:5      | Found Cesom's Magic Scroll Shoppe.
  4331 | D:5      | Reached * piety under Okawaru
  4562 | D:5      | Found Folizuch's Jewellery Shop.
  4575 | D:5      | Found an opulent altar of Gozag.
  4644 | D:5      | Found a sacrificial altar of Ru.
  4980 | D:6      | Noticed Joat's ghost (novice DrTm)
  5252 | D:7      | Reached XP level 8. HP: 59/67 MP: 8/8
  5262 | D:7      | Reached skill level 5 in Fighting
  5372 | D:7      | Reached skill level 5 in Armour
  5474 | D:7      | Gained mutation: Scrolls take you a little longer to read. [mutagenic meat]
  5477 | D:7      | Gained mutation: You can translocate small distances at will. [mutagenic meat]
  5478 | D:7      | Gained mutation: You are partially covered in large bone plates (AC +2, SH +2). [mutagenic meat]
  5610 | D:7      | Reached ** piety under Okawaru
  5703 | D:7      | Reached skill level 10 in Axes
  6047 | D:7      | Found a snail-covered altar of Cheibriados.
  6147 | D:8      | Found a shattered altar of Ashenzari.
  6187 | D:8      | Reached XP level 9. HP: 31/75 MP: 10/10
  6194 | D:8      | Gained mutation: You are somewhat resistant to further mutation. [mutagenic meat]
  6445 | D:8      | Noticed Grum
  6456 | D:8      | Reached *** piety under Okawaru
  6463 | D:8      | Killed Grum
  6608 | D:8      | Found Ibroe's Weapon Shop.
  6647 | D:8      | Reached skill level 5 in Dodging
  6681 | D:8      | Found a staircase to the Lair.
  6809 | D:8      | Reached skill level 11 in Axes
  6816 | D:8      | Found a basalt altar of Yredelemnul.
  7324 | D:9      | Found a shadowy altar of Dithmenos.
  7353 | D:9      | Identified the +7 hand axe "Rec Naifeo" {freeze, *Rage rC++} (You found it on level 4 of the Dungeon)
  7397 | D:9      | Found a shadowy altar of Dithmenos.
  7418 | D:9      | Reached **** piety under Okawaru
  7763 | D:10     | Entered Level 10 of the Dungeon
  7763 | D:10     | Noticed Sonja
  7766 | D:10     | Cast into level 2 of the Abyss (Sonja)
  7774 | Abyss:2  | Found a shimmering altar of Xom.
  7788 | Abyss:2  | Lost intelligence.
  7830 | Abyss:2  | Slain by a large abomination

Skill      XL: |  1  2  3  4  5  6  7  8  9 |
---------------+----------------------------+-----
Axes           | 3 4 5 6 7 8 9 10 11 | 11.7
Dodging        | 1 2 4 5 |  5.7
Fighting       | 4 5 6 |  6.9
Armour         | 4 6 7 |  7.3
Invocations    | 1 3 4 |  4.8
Shields        | |  3.7

Action                   |  1- 3 |  4- 6 |  7- 9 || total
-------------------------+-------+-------+-------++-------
Melee: War axe           |   128 |   195 |   281 ||   604
       Headbutt          |    12 |    30 |    62 ||   104
       Hand axe          |       |       |    42 ||    42
  Use: Scroll            |       |       |     4 ||     4
  Eat: Chunk             |     1 |     9 |    19 ||    29
Armor: Scale mail        |    75 |    70 |   102 ||   247
Dodge: Dodged            |    39 |    59 |    79 ||   177
Block: Shield            |    68 |    97 |   146 ||   311
